 Dungeon Sprint DCSS version 0.26-a0-651-gb41185065b (webtiles) character file.

Game seed: 7337483890866219093

594 Conn the Basher (level 7, -4/56 HPs)
             Began as a Halfling Berserker on Sept 28, 2020.
             Was a Priest of Trog.
             Slain by Sonja
             ... wielding a +3 dagger of draining
              (7 damage)
             ... in the Dungeon (Sprint I: "Red Sonja").
             The game lasted 00:09:08 (764 turns).

Conn the Basher (Halfling Berserker)                 Turns: 764, Time: 00:09:09

Health: -4/56      AC:  4    Str: 20    XL:     7   Next: 67%
Magic:  7/7        EV: 13    Int:  5    God:    Trog [***...]
Gold:   405        SH:  0    Dex: 14    Spells: 6/6 levels left

rFire    . . .     SeeInvis .   a - +0 mace
rCold    . . .     Faith    .   (shield restricted)
rNeg     . . .     Spirit   .   e - +2 robe
rPois    .         Reflect  .   (no helmet)
rElec    .         Harm     .   (no cloak)
rCorr    .         Rampage  .   (no gloves)
MR       .....     NoTele   +   (no boots)
Stlth    +.........             (no amulet)
HPRegen  0.18/turn              (no ring)
MPRegen  0.10/turn              (no ring)

@: berserk cooldown, slowed, extremely drained, very slow
A: small, mutation resistance 1
a: Berserk, Trog's Hand, Renounce Religion


You were in the Dungeon.
You worshipped Trog.
Trog was most pleased with you.
You visited 1 branch You collected 405 gold pieces.

Inventory:

Hand Weapons
 a - a +0 mace (weapon)
Missiles
 i - 34 arrows
Armour
 b - a +0 animal skin
 e - a +2 robe (worn)
 g - a +0 leather armour
Potions
 f - 2 potions of magic


   Skills:
 + Level 8.8(0.0) Fighting
 + Level 9.6(0.0) Maces & Flails
 + Level 5.8(0.0) Armour
 + Level 5.9(0.0) Dodging
 + Level 3.1(0.0) Stealth


You had 6 spell levels left.
You didn't know any spells.
Your spell library was empty.

Dungeon Overview and Level Annotations

Branches:
Dungeon (1/1)

Altars:
Cheibriados
Dithmenos
Elyvilon
Fedhas
Gozag
Hepliaklqana
Kikubaaqudgha
Makhleb
Nemelex Xobeh
Okawaru
Qazlal
Ru
Sif Muna
Trog
Uskayaw
Vehumet
Wu Jian
Xom
Yredelemnul
Zin
The Shining One
Jiyva
Lugonu

Shops:
D =

Annotations:
D Sonja


Innate Abilities, Weirdness & Mutations

You are small and have problems with some larger weapons.
You are somewhat resistant to further mutation.


Message History

* * * LOW HITPOINT WARNING * * *
Sonja hits you with a +3 dagger of draining.
* * * LOW HITPOINT WARNING * * *
You feel drained.
You aren't carrying any scrolls.
Unknown command.
Press < or > to pray at altars.
Unknown command.
Press < or > to pray at altars.
You don't know any spells.
Okay, then.
You feel better. Sonja misses you.
Sonja hits you with a +3 dagger of draining.
* * * LOW HITPOINT WARNING * * *
You feel drained.
Sonja hits you with a +3 dagger of draining.
* * * LOW HITPOINT WARNING * * *
You feel drained.
Sonja hits you with a +3 dagger of draining!
You die...

#<.#..)..#.)'..#__#..
#..').#..'..#..'..'..
#..#####'#####'#__###
#..####..#...#.####
#..#__####..##.#
#..#_____##'#_§+
#⌠⌠#_.∩...'..._#
####K.._§##_.#'#
#@____###(#.# #######
#.### $.$ #$.$# ##.##
#+#


You could see Sonja.

Vanquished Creatures
  A slime creature (D)
  Sigmund (D)
  A yak (D)
  An ogre (D)
  A jelly (D)
  Ijyb (D)
6 creatures vanquished.

Notes
Turn   | Place    | Note
-------+----------+-------------------------------------------
     0 | D        | Conn the Halfling Berserker began the quest for the Orb.
     0 | D        | Reached XP level 1. HP: 15/15 MP: 1/1
     1 | D        | Noticed Ijyb
    21 | D        | Killed Ijyb
    21 | D        | Reached skill level 4 in Maces & Flails
    21 | D        | Reached XP level 2. HP: 7/22 MP: 2/2
    21 | D        | Reached XP level 3. HP: 8/27 MP: 3/3
   246 | D        | Noticed an ogre
   254 | D        | Killed an ogre
   254 | D        | Reached skill level 5 in Fighting
   254 | D        | Reached skill level 5 in Maces & Flails
   254 | D        | Reached XP level 4. HP: 23/36 MP: 4/4
   254 | D        | Reached XP level 5. HP: 26/41 MP: 5/5
   386 | D        | Noticed Sigmund
   396 | D        | Killed Sigmund
   396 | D        | Reached ** piety under Trog
   396 | D        | Reached skill level 7 in Maces & Flails
   396 | D        | Reached skill level 5 in Armour
   396 | D        | Reached XP level 6. HP: 49/49 MP: 6/6
   457 | D        | Found an ornate altar of the Wu Jian Council.
   457 | D        | Found a shimmering blue altar of Sif Muna.
   459 | D        | Found a radiant altar of Vehumet.
   468 | D        | Reached skill level 8 in Maces & Flails
   468 | D        | Reached skill level 5 in Dodging
   499 | D        | Found a burning altar of Makhleb.
   499 | D        | Found a viscous altar of Jiyva.
   499 | D        | Found a shimmering altar of Xom.
   499 | D        | Found a corrupted altar of Lugonu.
   499 | D        | Noticed a slime creature
   514 | D        | Killed a slime creature
   514 | D        | Reached skill level 9 in Maces & Flails
   514 | D        | Reached XP level 7. HP: 24/56 MP: 7/7
   650 | D        | Found Cireg's Jewellery Emporium.
   650 | D        | Found an ancient bone altar of Kikubaaqudgha.
   650 | D        | Found a hazy altar of Hepliaklqana.
   650 | D        | Found a stormy altar of Qazlal.
   650 | D        | Found a hide-covered altar of Uskayaw.
   650 | D        | Found a blossoming altar of Fedhas.
   650 | D        | Found a bloodstained altar of Trog.
   650 | D        | Found an iron altar of Okawaru.
   650 | D        | Found a basalt altar of Yredelemnul.
   650 | D        | Found a glowing golden altar of the Shining One.
   650 | D        | Found a snail-covered altar of Cheibriados.
   650 | D        | Found a sacrificial altar of Ru.
   650 | D        | Found a glowing silver altar of Zin.
   650 | D        | Found a shadowy altar of Dithmenos.
   650 | D        | Found a white marble altar of Elyvilon.
   650 | D        | Noticed a yak
   651 | D        | Found an opulent altar of Gozag.
   659 | D        | Killed a yak
   659 | D        | Reached *** piety under Trog
   660 | D        | Found a sparkling altar of Nemelex Xobeh.
   741 | D        | Noticed Sonja
   754 | D        | HP: 3/84 [Sonja/+3 dagger of draining (5)]
   755 | D        | HP: 1/84 [Sonja/+3 dagger of draining (1)]
   763 | D        | HP: 1/56 [Sonja/+3 dagger of draining (2)]
   764 | D        | Slain by Sonja

Illustrated notes

Levels and vault maps discovered:
D:        dungeon_sprint_1 [red_sonja_temple_1, red_sonja_temple_small_1]

Skill      XL: |  1  2  3  4  5  6  7 |
---------------+----------------------+-----
Fighting       | 4 5 7 8 |  8.8
Maces & Flails | 4 5 7 9 |  9.6
Dodging        | 3 4 5 |  5.9
Armour         | 3 5 |  5.8
Stealth        | 2 3 |  3.1

Action                   |  1- 3 |  4- 6 |  7- 9 || total
-------------------------+-------+-------+-------++-------
Melee: Mace              |    25 |    25 |    15 ||    65
Invok: Berserk           |       |     1 |     1 ||     2
       Trog's Hand       |       |     1 |       ||     1
  Use: Potion            |     2 |       |     4 ||     6
       Scroll            |       |       |     1 ||     1
 Stab: Sleeping          |       |     1 |     1 ||     2
Armor: Animal skin       |     2 |       |       ||     2
       Robe              |       |     1 |    13 ||    14
Dodge: Dodged            |    12 |    14 |    27 ||    53

Table legend: (Time is in decaauts)
 A = Elapsed time spent in this place.
 B = Non-inter-level travel time spent in this place.
 C = Inter-level travel time spent in this place.
 D = Time resting spent in this place.
 E = Time spent auto-exploring this place.
 F = Levels seen in this place.
 G = Mean time per level.
                   A        B        C        D        E       F      G
               +--------+--------+--------+--------+--------+-----+--------+
         Total |    780 |    780 |      0 |    508 |      0 |   1 |  780.0 |
       Dungeon |    780 |    780 |      0 |    508 |      0 |   1 |  780.0 |
               +--------+--------+--------+--------+--------+-----+--------+

Top non-repeatable levels by time:
       D: 780 daAuts
